 Dungeon Crawl Stone Soup version 0.31.0-11-ge490571c62 (webtiles) character file.

Game seed: 5802706033155551183

70 qw the Shooter (level 4, -3/22 HPs)
             Began as a Spriggan Hunter on Feb 3, 2024.
             Slain by an orc
             ... wielding a +0 flail
              (5 damage)
             ... on level 2 of the Dungeon.
             The game lasted 00:00:04 (1452 turns).

qw the Shooter (Spriggan Hunter)                    Turns: 1452, Time: 00:00:04

Health: -3/22      AC:  2    Str:  7    XL:     4   Next: 4%
Magic:  5/5        EV: 19    Int: 10    God:
Gold:   82         SH:  0    Dex: 20    Spells: 3/3 levels left

rFire   . . .        a - +1 shortbow
rCold   . . .        (shield currently unavailable)
rNeg    . . .        c - +0 robe
rPois   .            (helmet restricted)
rElec   .            (no cloak)
rCorr   .            (gloves unavailable)
SInv    +            (boots unavailable)
Will    .....        (no amulet)
Stlth   ++           (no ring)
HPRegen 0.23/turn    (no ring)
MPRegen 0.09/turn

%: no passive effects
@: very quick
A: very small, no large weapons, unfitting armour, see invisible, speed 3
a: no special abilities


You were on level 2 of the Dungeon.
You visited 1 branch of the dungeon, and saw 3 of its levels.

You collected 82 gold pieces.


Innate Abilities, Weirdness & Mutations

You are very small and have problems with some larger weapons.
You are too small for most types of armour.
You have supernaturally acute eyesight. (SInv)
You cover ground extremely quickly. (Speed+++)


   Skills:
 - Level 1.5 Fighting
 - Level 5.0 Ranged Weapons
 + Level 4.2 Dodging
 - Level 1.5 Stealth


You had 3 spell levels left.
You didn't know any spells.
Your spell library was empty.

Inventory:

Hand Weapons
 a - a +1 shortbow (weapon)
Armour
 c - a +0 robe (worn)
Potions
 b - a potion of enlightenment
 d - a potion of heal wounds {unknown}
 e - 2 potions of curing
 f - a potion of attraction {unknown}
 g - a potion of brilliance {unknown}

Dungeon Overview and Level Annotations

Branches:
Dungeon (3/15)

Altars:
Sif Muna


Message History

You shoot an arrow. The arrow closely misses the goblin.
The goblin barely misses you.
You shoot an arrow. The arrow misses the goblin.
The goblin barely misses you.
You shoot an arrow. The arrow hits the goblin.
The goblin is severely wounded.
The goblin closely misses you. x2
You shoot an arrow. The arrow hits the goblin.
You kill the goblin!
You have reached level 4!
You climb downwards.
The orc barely misses you. The orc closely misses you.
The orc hits you but does no damage.
A gnoll comes into view. It is wielding a +0 spear.
The orc completely misses you.
There is a stone staircase leading up here.
1445 ||| STAIRDANCE The orc hits you with a +0 hand axe.
The orc barely misses you.
The orc wizard gestures wildly while chanting.
The orc wizard flickers and vanishes for a moment.
You climb upwards.
There is a stone staircase leading down here.
Things that are here:
an adder corpse; a rat corpse You shoot an arrow.
The arrow hits the orc.
The orc is severely wounded.
The orc completely misses you. The orc misses you.
You shoot an arrow. The arrow hits the orc!
You kill the orc!
The orc hits you with a +0 flail!
You shoot an arrow.
The arrow hits the orc but does no damage.
The orc hits you with a +0 flail!
You shoot an arrow.
The arrow hits the orc but does no damage.
The orc barely misses you.
You shoot an arrow. The arrow closely misses the orc.
The orc barely misses you.
You shoot an arrow. The arrow closely misses the orc.
The orc hits you with a +0 flail.
You die...

#........# #####.#.#...
#........# #.....#.#.##
#........## ###.####......
#...).....# ##...# #......
#.........# ##..### #......
#.........####..## #......
#############......## #......
......#########)o..# #####+##..
.............)..@).# #...######
......#########.).## #...#.....
......# #...# #..#...... ..%...#
#...# #..#.###'# ..%%..# #...#
#..#.#_... ......# #...#
#.#..##### ......# #...#
#.#.......
......#########...######.#.......
####.....................####.###


You could see an orc.

Vanquished Creatures
  A gnoll (D:1)
  An adder (D:2)
  A dart slug (D:2)
  A ribbon worm (D:2)
  An orc (D:2)
  5 ball pythons
  7 endoplasms
  2 giant cockroaches
  8 goblins
  3 hobgoblins (D:2)
  2 jackals (D:2)
  5 bats (D:1)
  A frilled lizard (D:2)
  2 kobolds (D:1)
  2 rats (D:2)
42 creatures vanquished.

Notes
Turn   | Place    | Note
-------+----------+-------------------------------------------
     0 | D:1      | qw the Spriggan Hunter began the quest for the Orb.
     0 | D:1      | Reached XP level 1. HP: 10/10 MP: 2/2
     0 | D:1      | 0 ||| qw: Version: 0.3-a-158-g18b3111
     0 | D:1      | 0 ||| qw: Game counter: 4264
     0 | D:1      | 0 ||| qw: Melee chars always use a shield: true
     0 | D:1      | 0 ||| qw: God list: Okawaru
     0 | D:1      | 0 ||| qw: Allow faded altars: false
     0 | D:1      | 0 ||| qw: Do Orc after clearing Dungeon:15 true
     0 | D:1      | 0 ||| qw: Do second Lair branch before Depths: true
     0 | D:1      | 0 ||| qw: Lair rune preference: random
     0 | D:1      | 0 ||| qw: Goals: Normal
     0 | D:1      | 0 ||| PLANNING D:1-11
    93 | D:1      | Reached skill level 3 in Dodging
   124 | D:1      | Reached XP level 2. HP: 14/14 MP: 3/3
   394 | D:1      | Reached XP level 3. HP: 18/18 MP: 4/4
   797 | D:1      | 797 ||| READING scroll labelled ZOUCHU WIPROIM.
   797 | D:1      | 797 ||| IDENTIFYING sedimented puce potion
   798 | D:1      | 798 ||| DROPPING scroll of butterflies.
   944 | D:2      | Found a shimmering blue altar of Sif Muna.
  1168 | D:2      | Found a faded altar of an unknown god.
  1217 | D:2      | Reached skill level 5 in Ranged Weapons
  1378 | D:2      | 1378 ||| READING scroll of identify.
  1378 | D:2      | 1378 ||| IDENTIFYING grey potion
  1379 | D:2      | 1379 ||| READING scroll labelled TIVASO BAIPH.
  1380 | D:2      | 1380 ||| READING scroll labelled XUNKERYVUC.
  1380 | D:2      | 1380 ||| ENCHANTING +0 shortbow.
  1381 | D:2      | 1381 ||| DRINKING 2 fuming yellow potions.
  1407 | D:2      | 1407 ||| DROPPING potion of lignification.
  1433 | D:3      | 1433 ||| STAIRDANCE
  1437 | D:3      | 1437 ||| STAIRDANCE
  1443 | D:2      | Reached XP level 4. HP: 22/22 MP: 5/5
  1445 | D:3      | 1445 ||| STAIRDANCE
  1449 | D:2      | HP: 2/22 [orc/+0 flail (8)]
  1452 | D:2      | Slain by an orc

Levels and vault maps discovered:
D:1:      kilobyte_arrival_exit_the_forest, layout_loops_ring
D:2:      layout_basic, shapermc_ecumenical_altar_mp_vishouse, basic_altar
D:3:      layout_basic, yredelemnul_forgotten_temple_becter

Skill      XL: |  1  2  3 |
---------------+----------+-----
Dodging        | 3 4 |  4.2
Ranged Weapons | 5 |  5.0
Fighting       | |  1.5
Stealth        | |  1.5

Action                     |  1- 3 |  4- 6 || total
---------------------------+-------+-------++-------
   Fire: Shortbow          |    96 |     6 ||   102
    Use: Scroll            |     4 |       ||     4
         Potion            |     1 |       ||     1
 Armour: Robe              |     6 |     5 ||    11
  Dodge: Dodged            |    30 |     8 ||    38

Table legend:
 A = Non-vault XP
 B = Vault XP
 C = Vault XP percentage of total XP
 D = Non-vault monster count
 E = Vault monster count
 F = Vault count percentage of total count
                 A         B        C        D         E       F
            +---------+---------+-------+---------+---------+-------
      Total |     101 |       0 |   0.0 |      42 |       0 |   0.0
            +---------+---------+-------+---------+---------+-------
        D:1 |      47 |       0 |   0.0 |      21 |       0 |   0.0
        D:2 |      54 |       0 |   0.0 |      21 |       0 |   0.0
            +---------+---------+-------+---------+---------+-------
